 Dungeon Crawl Stone Soup version 0.30.0-19-g36f170ea60 (webtiles) character file.

Game seed: 13194246758660027320

44 EC1 the Trooper (level 3, -2/33 HPs)
             Began as a Hill Orc Fighter on May 31, 2023.
             Slain by an orc priest
             ... wielding a +0 flail
              (3 damage)
             ... on level 3 of the Dungeon.
             The game lasted 00:07:12 (1201 turns).

EC1 the Trooper (Hill Orc Fighter)                  Turns: 1201, Time: 00:07:13

Health: -2/33      AC:  6    Str: 20    XL:     3   Next: 62%
Magic:  3/3        EV:  9    Int:  8    God:
Gold:   61         SH:  4    Dex: 10    Spells: 2/2 levels left

rFire   . . .        e - +0 whip (pain)
rCold   . . .        c - +0 buckler
rNeg    . . .        b - +0 scale mail
rPois   .            (no helmet)
rElec   .            (no cloak)
rCorr   .            (no gloves)
SInv    .            (no boots)
Will    .....        (no amulet) Stlth
                     (no ring)
HPRegen 0.25/turn    (no ring)
MPRegen 0.08/turn

%: no passive effects
@: mighty
A: no striking features
a: Convert to Beogh


You were on level 3 of the Dungeon.
You visited 1 branch of the dungeon, and saw 3 of its levels.

You collected 61 gold pieces.

Inventory:

Hand Weapons
 a - a +0 war axe
 e - a +0 whip of pain (weapon)
Armour
 b - a +0 scale mail (worn)
 c - a +0 buckler (worn)
Scrolls
 f - a scroll of vulnerability {unknown}
 g - a scroll of identify


   Skills:
 + Level 4.0 Fighting
 + Level 3.3(3.5) Axes
 + Level 1.2(2.1) Maces & Flails
 + Level 3.6 Armour
 + Level 3.7 Shields


You had 2 spell levels left.
You didn't know any spells.
Your spell library was empty.

Dungeon Overview and Level Annotations

Branches:
Dungeon (2/15)

Altars:

Shops:
D:1 :


Message History

The orc priest is moderately wounded.
The orc priest misses you.
You completely miss the orc priest.
The orc priest is moderately wounded.
The orc priest closely misses you.
You barely miss the orc priest.
The orc priest is moderately wounded.
The orc priest shouts, "Join the one true god or die!"
The orc priest hits you with a +0 flail.
The orc priest threatens, "By the altar or by the axe, you will meet Beogh!"
You hit the orc priest but do no damage.
The orc priest shouts, "Join the one true god or die!"
The orc priest is moderately wounded.
The orc priest barely misses you.
You hit the orc priest.
The orc priest is heavily wounded.
The orc priest calls down the wrath of Beogh upon you.
You barely resist. You hit the orc priest.
The orc priest is severely wounded.
The orc priest shouts, "Surrender to Beogh and we'll let you live!"
The orc priest hits you with a +0 flail!
* * * LOW HITPOINT WARNING * * *
You feel very mighty all of a sudden.
The orc priest shouts, "Surrender to Beogh and we'll let you live!"
The orc priest hits you with a +0 flail.
* * * LOW HITPOINT WARNING * * *
You are too injured to fight recklessly!
You barely miss the orc priest.
The orc priest is severely wounded.
You block the orc priest's attack.
You are too injured to fight recklessly!
You closely miss the orc priest.
The orc priest threatens, "By the altar or by the axe, you will meet Beogh!"
The orc priest is severely wounded.
The orc priest begins to cast a cantrip, but forgets the words!
You barely miss the orc priest.
The orc priest is severely wounded.
The orc priest hits you with a +0 flail.
You die...

#####.....#....
#.........#....
##########....######....
..............'.........
#######.##....#########.
#.##....# #. #.#######
#. #.# #. # #@# #.
##.#####o# +. #......ro#
## #.#....### ####)#
#>..r.... #######..


You could see an orc priest, an orc and a rat.

Vanquished Creatures
  A dart slug (D:2)
  2 orcs (D:3)
  3 endoplasms
  2 giant cockroaches (D:1)
  2 goblins (D:1)
  4 hobgoblins
  5 kobolds
  A quokka (D:1)
  4 ball pythons (D:1)
  5 bats
  2 frilled lizards (D:1)
  5 rats
36 creatures vanquished.

Notes
Turn   | Place    | Note
-------+----------+-------------------------------------------
     0 | D:1      | EC1 the Hill Orc Fighter began the quest for the Orb.
     0 | D:1      | Reached XP level 1. HP: 19/19 MP: 1/1
    35 | D:1      | Found Pufahelo's Book Emporium.
   149 | D:1      | Reached XP level 2. HP: 27/27 MP: 2/2
   437 | D:1      | Reached XP level 3. HP: 32/33 MP: 3/3
  1028 | D:2      | Reached skill level 4 in Fighting
  1096 | D:2      | You fall into a shaft and drop 1 floor!
  1173 | D:3      | Reached skill level 1 in Maces & Flails
  1198 | D:3      | HP: 1/33 [orc priest/+0 flail (3)]
  1201 | D:3      | Slain by an orc priest

Illustrated notes

Levels and vault maps discovered:
D:1:      ncdulo_halloftheorcs, layout_rooms, serial_shops, shop,
          dreamdust_princess_bridge
D:2:      layout_rooms, dilly_ecumenical_altar_fadedgnrine
D:3:      layout_basic

Skill      XL: |  1  2  3 |
---------------+----------+-----
Axes           | 3 |  3.3
Fighting       | 4 |  4.0
Maces & Flails | 1 |  1.2
Armour         | |  3.6
Shields        | |  3.7

Action                     || total
---------------------------++-------
  Melee: War axe           ||    28
         Whip              ||    76
    Use: Scroll            ||     5
         Potion            ||     4
 Armour: Scale mail        ||    44
  Dodge: Dodged            ||    46
  Block: Buckler           ||    28
